AoeStats
← crispynuggz73

MegaRandom

509507350Analyzed
4v4 RM · 5d ago on Sep 27, 2026· 43m 49s· 8 players
Game mode
Random Map
Map size
Large (8 player)
Population
200
Speed
Normal
Resources
Standard
Victory
Conquest
Starting age
Dark Age
Ending age
Imperial Age
RankedLock teamsTeams togetherTeam positionsShared explorationLock speedFull tech treeHidden civsTurbo modeCheats
Victory
Defeat
🇺🇸 Wu · United States
838
+13
🇺🇸 Britons · United States
818
+14
🇨🇳 Franks · China
784
+15
🇺🇸 Teutons · United States
734
+18
🇧🇷 Cumans · Brazil
842
-17
🇧🇷 Bulgarians · Brazil
811
-17
🇧🇷 Burgundians · Brazil
746
-14
🇧🇷 Franks · Brazil
688
-12
joselitopereirajr
14:13 Feudal Age
21:13 Castle Age
20:23 Horse Collar
22:18 Double-Bit Axe
25:31 Wheelbarrow
25:58 Bow Saw
26:43 Scale Barding Armor
28:33 Padded Archer Armor
29:57 Fletching
30:19 Forging
30:26 Leather Archer Armor
31:35 Hand Cart
31:30 Heavy Plow
33:40 Chain Barding Armor
33:56 Iron Casting
36:55 Bloodlines
Rênio Figueirêdo
14:37 Feudal Age
15:55 Gold Mining
15:54 Double-Bit Axe
21:37 Scale Barding Armor
21:23 Fletching
21:38 Padded Archer Armor
22:08 Forging
32:48 Loom
38:10 Man-at-Arms
42:27 Castle Age
Que vc se lasque
7:56 Loom
11:29 Feudal Age
12:00 Double-Bit Axe
13:15 Bow Saw
13:43 Horse Collar
17:28 Heavy Plow
23:46 Castle Age
23:48 Scale Barding Armor
24:29 Gold Mining
26:01 Two-Man Saw
24:26 Cavalier
26:47 Elite Skirmisher
28:18 Crop Rotation
31:53 Wheelbarrow
32:05 Scale Mail Armor
32:34 Ballistics
35:22 Chain Barding Armor
38:55 Caravan
39:31 Forging
42:09 Imperial Age
39:50 Stone Mining
40:36 Gold Shaft Mining
40:52 Pikeman
THIAGO
10:05 Loom
12:10 Feudal Age
13:41 Horse Collar
14:05 Double-Bit Axe
14:47 Gold Mining
23:01 Castle Age
23:32 Wheelbarrow
24:12 Forging
28:17 Gold Shaft Mining
27:32 Stone Mining
29:41 Scale Mail Armor
30:18 Iron Casting
29:49 Scale Barding Armor
31:33 Heavy Plow
32:32 Gambesons
38:02 Imperial Age
35:47 Bow Saw
37:10 Stone Shaft Mining
36:52 Hand Cart
39:49 Chain Mail Armor
40:36 Blast Furnace
39:57 Chain Barding Armor
41:59 Squires
41:45 Arson
41:22 Pikeman
42:56 Padded Archer Armor
REESE YA DIG
10:51 Loom
15:25 Feudal Age
23:05 Wheelbarrow
26:24 Gold Mining
26:27 Stone Mining
29:04 Castle Age
29:09 Double-Bit Axe
29:44 Fishing Lines
30:27 Medium Warships
31:03 Bow Saw
31:14 Fletching
31:25 Padded Archer Armor
34:31 Gold Shaft Mining
36:50 Imperial Age
34:43 Bodkin Arrow
35:04 Leather Archer Armor
37:39 Bracer
38:10 Ring Archer Armor
38:45 Caravan
39:11 Conscription
39:55 Yeomen
39:23 Elite Longbowman
40:38 Ballistics
41:19 Chemistry
41:37 Masonry
44:08 Warwolf
cody11210m
13:08 Feudal Age
12:59 Loom
14:16 Double-Bit Axe
14:46 Stone Mining
14:59 Horse Collar
15:39 Bloodlines
16:46 Wheelbarrow
16:23 Arson
17:28 Gold Mining
21:19 Scale Barding Armor
22:14 Forging
25:30 Castle Age
26:42 Hand Cart
27:02 Caravan
29:07 Bow Saw
28:59 Heavy Plow
30:08 Chain Barding Armor
30:23 Iron Casting
31:43 Stone Shaft Mining
33:30 Ironclad
37:07 Crossbowman
40:52 Imperial Age
40:54 Man-at-Arms
41:19 Gambesons
41:38 Long Swordsman
41:40 Pikeman
42:25 Squires
43:27 Two-Handed Swordsman
43:28 Halberdier
crispynuggz73
10:37 Feudal Age
12:19 Double-Bit Axe
13:13 Man-at-Arms
16:48 Man-at-Arms
17:27 Double-Bit Axe
25:02 Castle Age
28:05 Light Cavalry
30:16 Scale Mail Armor
30:27 Forging
29:44 Long Swordsman
33:51 Chain Mail Armor
33:37 Padded Archer Armor
story
8:12 Loom
11:17 Feudal Age
16:31 Castle Age
14:54 Double-Bit Axe
18:53 Bow Saw
28:19 Imperial Age
26:26 Wheelbarrow
25:37 Town Watch
26:52 Husbandry
27:05 Scale Barding Armor
27:10 Forging
28:56 Cavalier
31:03 Hand Cart
30:49 Town Patrol
31:11 Conscription
31:23 Chain Barding Armor
31:39 Iron Casting
33:04 Chemistry
32:33 Chivalry
36:24 Paladin
37:52 Plate Barding Armor
38:39 Blast Furnace
39:58 Murder Holes
40:25 Ballistics
42:12 Hoardings
40:58 Elite Throwing Axeman
Connection lost

Rejoining the realm…

Still unreachable

The connection could not be restored.

Session expired

The server has moved on; the page needs a fresh start.